 Dungeon Crawl Stone Soup version 0.29-a0-330-g52719c12eb (webtiles) character file.

Game seed: 7291578381034377443

2769 KinemaColour the Fighter (level 9, -7/81 HPs)
             Began as a Minotaur Berserker on Apr 19, 2022.
             Was a Priest of Trog.
             Engulfed by a steam dragon's steam (14 damage)
             ... on level 8 of the Dungeon.
             The game lasted 00:25:25 (7212 turns).

KinemaColour the Fighter (Minotaur Berserker)       Turns: 7212, Time: 00:25:25

Health: -7/81      AC: 13    Str: 26      XL:     9   Next: 42%
Magic:  8/8        EV: 10    Int:  4      God:    Trog [***...]
Gold:   336        SH:  4    Dex:  8 (10) Spells: 8/8 levels left

rFire   . . .      SeeInvis +   p - +3 short sword (speed)
rCold   + . .      Faith    .   (no shield)
rNeg    . . .      Spirit   .   A - +0 plate armour
rPois   .          Reflect  .   (helmet restricted)
rElec   .          Harm     .   (no cloak)
rCorr   .          Rampage  .   (no gloves)
Will    ++...      Clarity  +   (no boots)
Stlth   ..........              (no amulet)
HPRegen 1.23/turn               j - ring of see invisible
MPRegen 0.11/turn               w - ring of protection from cold

@: strong-willed (expiring), on berserk cooldown, regenerating (expiring),
slowed, very slow
A: horns 2, retaliatory headbutt, large bone plates 1, clarity, deterioration 1,
sturdy frame 1
a: Renounce Religion, Berserk, Trog's Hand


You were on level 8 of the Dungeon.
You worshipped Trog.
Trog was most pleased with you.
You visited 1 branch of the dungeon, and saw 8 of its levels.

You collected 336 gold pieces.

Inventory:

Hand Weapons
 a - a +0 spear of electrocution
 h - a +1 vampiric dagger
 p - a +3 short sword of speed (weapon)
Missiles
 e - 16 poisoned darts (quivered)
Armour
 b - a +0 animal skin
 d - a +0 scale mail
 q - a +0 chain mail of poison resistance
 v - a +0 ring mail
 y - the +0 leather armour "Tiulokun" {rElec rF++ Will- Int+4}
   (You found it on level 6 of the Dungeon)

   Int:       It affects your intelligence (+4).
   rF:        It greatly protects you from fire.
   rElec:     It insulates you from electricity.
   Will:      It decreases your willpower.
 A - a +0 plate armour (worn)
Jewellery
 j - a ring of see invisible (left hand)
 w - a ring of protection from cold (right hand)
Wands
 m - a wand of paralysis (12)
 s - a wand of iceblast (8)
Scrolls
 l - a scroll of teleportation
 n - 2 scrolls of amnesia
 o - a scroll of vulnerability
 r - 2 scrolls of magic mapping
 t - a scroll of torment
 u - a scroll of noise
 x - a scroll of brand weapon
 B - a scroll of blinking {unknown}
Potions
 c - 4 potions of curing
 f - 3 potions of flight
 g - 2 potions of brilliance
 i - 4 potions of lignification
 k - 2 potions of magic
 z - a potion of attraction


   Skills:
 + Level 8.1 Fighting
 * Level 7.2 Short Blades
 - Level 5.7 Polearms
 + Level 7.6 Armour
 + Level 6.9 Dodging


You had 8 spell levels left.
You didn't know any spells.
Your spell library was empty.

Dungeon Overview and Level Annotations

Branches:
Dungeon (8/15)             Temple (0/1) D:5            Lair (0/6) D:8

Altars:
Cheibriados
Fedhas
Gozag
Kikubaaqudgha

Shops:
D:7 [


Innate Abilities, Weirdness & Mutations

You have a pair of horns on your head.
You reflexively headbutt those who attack you in melee.
You are partially covered in large bone plates. (SH +4)
You possess an exceptional clarity of mind.
Your body sometimes deteriorates upon taking damage.
Your movements are slightly less encumbered by armour. (ER -2)


Message History

The orc priest calls down the wrath of Beogh upon you.
Beogh smites you!
* * * LOW HITPOINT WARNING * * *
Your body deteriorates!
You feel clumsy.
You are too berserk!
You hit the orc priest. Your headbutt misses the orc priest.
The orc priest is severely wounded.
You closely miss the orc priest. Your headbutt misses the orc priest.
The orc priest is severely wounded.
You puncture the orc priest!
You kill the orc priest!
Trog accepts your kill.
You puncture the orc!
You kill the orc!
Trog accepts your kill.
The orc priest calls down the wrath of Beogh upon you.
You resist with almost no effort.
A steam dragon comes into view.
You feel a strong urge to attack something.
The steam dragon hisses angrily.
The orc priest hits you but does no damage.
The steam dragon breathes steam at you. The ball of steam hits you!
* * * LOW HITPOINT WARNING * * *
You hear an angry buzzing noise.
You hear a shout!
Items here: ))) [ ††.
You are too berserk!
Really walk into that cloud of steam?
Okay, then.
You feel your anger nearly subside.
You are no longer berserk.
You are exhausted.
You feel yourself slow down.
Found a scroll of magic mapping.
You feel the effects of Trog's Hand fading.
The steam dragon breathes steam at you. The ball of steam hits you.
* * * LOW HITPOINT WARNING * * *
You hear a shout! x3
You are engulfed in a cloud of scalding steam.
You die...

#. .# .#.#.#
.#..P.. # ..#.#
....... .#
#.#.###.......
#.
#.....[.....>.
###.
#............
#...###§.##.....
#.§§@§§§D##§.#
#.?.####..o..#
##.. ####).# #..
#)## #.. #.# ..#
#.# #.#
#.#####.# .#
#......#
#.#####.#


There were no monsters in sight!

Vanquished Creatures
  Grinder (D:3)
  A wyvern (D:7)
  Menkaure (D:6)
  2 wargs (D:8)
  Duvessa (D:4)
  3 orc warriors
  A sky beast (D:5)
  A black bear (D:6)
  An ogre (D:5)
  A necrophage (D:5)
  2 bullfrogs
  A gnoll sergeant (D:6)
  2 scorpions
  Dowan (D:4)
  6 killer bees (D:7)
  A hound (D:5)
  3 jellies
  6 orc priests
  Natasha (D:1)
  Jessica (D:3)
  An iguana (D:5)
  3 orc wizards
  Terence (D:2)
  9 gnolls (D:6)
  7 adders
  2 ufetubi
  A worm (D:2)
  3 dart slugs
  34 orcs
  2 endoplasms
  4 giant cockroaches
  2 hobgoblins
  2 jackals (D:2)
  6 kobolds
  3 quokkas
  11 ball pythons
  7 bats
  2 frilled lizards
  9 goblins
  6 rats
152 creatures vanquished.

Vanquished Creatures (others)
  2 plants
2 creatures vanquished.

Grand Total: 154 creatures vanquished

Notes
Turn   | Place    | Note
-------+----------+-------------------------------------------
     0 | D:1      | KinemaColour the Minotaur Berserker began the quest for the
                  | Orb.
     0 | D:1      | Reached XP level 1. HP: 19/19 MP: 0/0
   372 | D:1      | Reached XP level 2. HP: 27/27 MP: 1/1
   580 | D:1      | Reached skill level 4 in Fighting
  1045 | D:1      | Reached XP level 3. HP: 33/33 MP: 2/2
  1216 | D:2      | Noticed a golden eye
  1217 | D:2      | Found a faded altar of an unknown god.
  1252 | D:2      | Reached ** piety under Trog
  1381 | D:2      | Noticed a shining eye
  1381 | D:2      | Noticed a great orb of eyes
  1381 | D:2      | Noticed a golden eye
  1418 | D:2      | Noticed Terence
  1432 | D:2      | Killed Terence
  1433 | D:2      | Reached XP level 4. HP: 38/41 MP: 3/3
  1986 | D:2      | Noticed Natasha
  2012 | D:1      | Killed Natasha
  2181 | D:3      | Noticed Grinder
  2185 | D:3      | Paralysed by Grinder for 6 turns
  2198 | D:3      | Killed Grinder
  2199 | D:3      | Reached skill level 5 in Fighting
  2199 | D:3      | Reached skill level 5 in Polearms
  2199 | D:3      | Reached XP level 5. HP: 27/48 MP: 4/4
  2199 | D:3      | Reached XP level 6. HP: 32/56 MP: 5/5
  2639 | D:3      | Noticed Jessica
  2642 | D:3      | Killed Jessica
  2886 | D:3      | You fall into a shaft and drop 1 floor!
  2978 | D:4      | Noticed Duvessa
  2978 | D:4      | Noticed Dowan
  2985 | D:4      | Killed Duvessa
  3002 | D:4      | Killed Dowan
  3003 | D:4      | Reached skill level 5 in Armour
  3003 | D:4      | Reached XP level 7. HP: 22/62 MP: 6/6
  3194 | D:3      | Gained mutation: You are frail. (-10% HP) [potion of
                  | mutation]
  3195 | D:3      | Lost mutation: You are frail. (-10% HP) [potion of
                  | mutation]
  3195 | D:3      | Gained mutation: You are partially covered in large bone
                  | plates. (SH +4) [potion of mutation]
  3195 | D:3      | Gained mutation: You sometimes lose the ability to read
                  | scrolls when taking damage. [potion of mutation]
  3196 | D:3      | Lost mutation: You are partially covered in large bone
                  | plates. (SH +4) [potion of mutation]
  3196 | D:3      | Lost mutation: You sometimes lose the ability to read
                  | scrolls when taking damage. [potion of mutation]
  3196 | D:3      | Gained mutation: You are frail. (-10% HP) [potion of
                  | mutation]
  3196 | D:3      | Gained mutation: Your muscles are strong. (Str +2) [potion
                  | of mutation]
  3196 | D:3      | Lost mutation: You are frail. (-10% HP) [potion of
                  | mutation]
  3196 | D:3      | Gained mutation: Your system is resistant to poisons.
                  | (rPois) [potion of mutation]
  3290 | D:4      | Found a snail-covered altar of Cheibriados.
  3290 | D:4      | Found an opulent altar of Gozag.
  3714 | D:5      | Entered Level 5 of the Dungeon
  3859 | D:5      | Reached skill level 1 in Short Blades
  3864 | D:5      | Reached skill level 6 in Fighting
  4083 | D:5      | Reached skill level 5 in Dodging
  4303 | D:5      | Found a staircase to the Ecumenical Temple.
  4455 | D:5      | Reached XP level 8. HP: 56/71 MP: 7/7
  4860 | D:6      | Noticed Menkaure
  4864 | D:6      | Killed Menkaure
  5001 | D:6      | Reached *** piety under Trog
  5287 | D:6      | Reached skill level 7 in Fighting
  5393 | D:6      | Reached skill level 5 in Short Blades
  5710 | D:6      | Identified the +0 leather armour "Tiulokun" {rElec rF++
                  | Will- Int+4}
  5873 | D:7      | Found Kimioth's Antique Armour Shoppe.
  6143 | D:7      | Lost mutation: Your system is resistant to poisons. (rPois)
                  | [potion of mutation]
  6143 | D:7      | Lost mutation: Your muscles are strong. (Str +2) [potion of
                  | mutation]
  6143 | D:7      | Gained mutation: Your body sometimes deteriorates upon
                  | taking damage. [potion of mutation]
  6143 | D:7      | Gained mutation: You possess an exceptional clarity of
                  | mind. [potion of mutation]
  6143 | D:7      | Gained mutation: You are partially covered in large bone
                  | plates. (SH +4) [potion of mutation]
  6143 | D:7      | Gained mutation: Your movements are slightly less
                  | encumbered by armour. (ER -2) [potion of mutation]
  6555 | D:7      | Reached XP level 9. HP: 73/79 MP: 8/8
  6824 | D:7      | Found a blossoming altar of Fedhas.
  6824 | D:7      | Found an ancient bone altar of Kikubaaqudgha.
  7161 | D:8      | Reached skill level 8 in Fighting
  7173 | D:8      | Found a staircase to the Lair.
  7206 | D:8      | HP: 2/121 [steam dragon/ball of steam (10)]
  7212 | D:8      | Engulfed by a steam dragon's steam

Illustrated notes

Levels and vault maps discovered:
D:1:      giann_wishing_wells, layout_loops_ring, chequers_serial_rivers_room_a
D:2:      cheibrodos_helix_gallery, layout_loops_ring,
          hellmonk_ecumenical_altar_watching_god, uniq_terence, uniq_natasha
D:3:      layout_basic, uniq_grinder, uniq_jessica
D:4:      layout_gridville, gammafunk_temple_overflow_pools, chequers_big_river,
          uniq_duvessa
D:5:      layout_basic, minmay_temple_entry_stoned_glass
D:6:      layout_basic, minivault_24, uniq_menkaure
D:7:      layout_cave_pods, grunt_temple_overflow_growth_and_decay,
          serial_shops, nicolae_shop_overgrown_old_shop
D:8:      layout_loops_ring, minmay_overflow_temple_hex,
          mainiacjoe_overflow_alcove_1, erik_lair_orcish_takeover

Skill      XL: |  1  2  3  4  5  6  7  8  9 |
---------------+----------------------------+-----
Fighting       | 4 5 6 7 8 |  8.1
Polearms       | 4 5 |  5.7
Armour         | 3 4 5 7 |  7.6
Dodging        | 3 4 5 6 |  6.9
Short Blades   | 3 6 7 |  7.2

Action                   |  1- 3 |  4- 6 |  7- 9 || total
-------------------------+-------+-------+-------++-------
Melee: Spear             |    99 |    91 |       ||   190
       Headbutt          |    14 |    11 |    77 ||   102
       Punch             |     1 |       |     6 ||     7
       Short sword       |       |       |   363 ||   363
Invok: Berserk           |     1 |     3 |     1 ||     5
       Trog's Hand       |     1 |       |     1 ||     2
  Use: Scroll            |       |     6 |     8 ||    14
       Potion            |       |     2 |     4 ||     6
Armor: Animal skin       |    11 |     3 |       ||    14
       Scale mail        |       |    24 |    43 ||    67
       Plate armour      |       |       |    26 ||    26
       Chain mail        |       |       |     7 ||     7
Dodge: Dodged            |    51 |    32 |   116 ||   199
Block: Other             |       |       |    15 ||    15

Table legend: (Time is in decaauts)
 A = Elapsed time spent in this place.
 B = Non-inter-level travel time spent in this place.
 C = Inter-level travel time spent in this place.
 D = Time resting spent in this place.
 E = Time spent auto-exploring this place.
 F = Levels seen in this place.
 G = Mean time per level.
                   A        B        C        D        E       F      G
               +--------+--------+--------+--------+--------+-----+--------+
         Total |   7081 |   6951 |    130 |    425 |   5054 |   8 |  885.1 |
       Dungeon |   7081 |   6951 |    130 |    425 |   5054 |   8 |  885.1 |
               +--------+--------+--------+--------+--------+-----+--------+

Top non-repeatable levels by time:
     D:7: 1219 daAuts
     D:2: 1214 daAuts
     D:1: 1138 daAuts
     D:5: 1105 daAuts
     D:6: 926 daAuts
     D:3: 709 daAuts
     D:4: 667 daAuts
     D:8: 101 daAuts
